Map: [ESL] Moondance

Players

goblin

  • Race: Protoss Protoss
  • Spawn Location: 6:00

NoMercy - Winner!

  • Race: Terran Terran
  • League: Grandmaster
  • Spawn Location: 12:00

VOD

Have the link to the VOD?

Description

Time

  • Played on: Dec. 3, 2022, 7:10 a.m.
  • Length: 6:35
Show
View Real Time Build Order
Export as new Build Order

goblin Protoss 

Build Orders: 1 Gate Expand, Oracle Opening, Phoenix Opening 

Get SALT Encoding   

  12  0:00  Probe  
  13  0:12  Probe  
  14  0:17  Pylon  
  14  0:24  Probe (Chrono Boost)  
  16  0:36  Gateway  
  16  0:37  Probe (Chrono Boost)  
  16  0:42  Probe (Chrono Boost)  
  16  0:45  Assimilator  
  17  0:51  Probe  
  18  1:03  Probe  
  19  1:15  Probe  
  20  1:25  Cybernetics Core  
  20  1:32  Nexus  
  20  1:36  Probe  
  21  1:42  Pylon  
  21  1:48  Probe  
  21  1:52  Assimilator  
  22  1:59  Adept (Chrono Boost)  
  22  2:00  Probe (Chrono Boost)  
  25  2:13  Probe (Chrono Boost)  
  25  2:18  Probe (Chrono Boost)  
  25  2:19  Stargate  
  26  2:23  Adept  
  26  2:29  Probe  
  29  2:35  Warp Gate  
  29  2:41  Probe  
  30  2:44  Shield Battery  
  30  2:45  Probe  
  31  2:53  Probe  
  31  2:57  Probe  
  35  2:59  Adept  
  35  3:03  Oracle (Chrono Boost)  
  38  3:06  Probe  
  38  3:09  Probe  
  40  3:18  Probe  
  41  3:21  Probe  
  41  3:24  Pylon  
  42  3:30  Probe  
  42  3:33  Probe, Phoenix  
  46  3:40  Gateway  
  46  3:42  Probe  
  46  3:45  Probe  
  48  3:48  Gateway  
  49  3:57  Phoenix (Chrono Boost)  
  52  4:06  Pylon x2  
  52  4:07  Shield Battery  
  52  4:08  Shield Battery  
  50  4:18  Phoenix (Chrono Boost)  
  52  4:27  Adept  
  52  4:31  Assimilator, Twilight Council  
  52  4:36  Adept  
  54  4:42  Gateway  
  54  4:44  Zealot  
  56  4:47  Phoenix (Chrono Boost)  
  58  4:56  Adept  
  58  4:57  Zealot  
  62  5:00  Probe x2  
  62  5:01  Pylon x2  
  62  5:05  Stalker  
  64  5:13  Phoenix (Chrono Boost)  
  64  5:19  Pylon, Adept  
  66  5:23  Adept  
  60  5:40  Probe x2  
  60  5:42  Adept  
  40  5:50  Adept  
  40  5:51  Phoenix (Chrono Boost)  
  41  6:03  Adept  
  43  6:07  Phoenix  
  45  6:11  Adept  
  45  6:12  Probe  
Show
View Real Time Build Order
Export as new Build Order

NoMercy Terran - Winner!

Build Orders: Cyclone Opening 

Get SALT Encoding   

  12  0:00  SCV  
  13  0:12  SCV  
  14  0:17  Supply Depot  
  14  0:24  SCV  
  15  0:39  Barracks, SCV  
  16  0:44  Refinery  
  16  0:51  SCV  
  16  0:54  Refinery  
  17  1:01  Supply Depot  
  17  1:05  SCV  
  18  1:17  SCV  
  19  1:28  Reaper  
  19  1:30  Orbital Command  
  20  1:42  Factory  
  20  1:55  Barracks  
  20  1:59  SCV  
  21  2:04  Barracks Reactor  
  21  2:11  SCV  
  22  2:20  Supply Depot  
  22  2:24  SCV  
  22  2:26  Factory Tech Lab  
  24  2:41  Marine x2  
  25  2:45  Starport  
  25  2:46  Cyclone  
  25  2:49  Marine  
  29  2:55  Supply Depot  
  29  2:59  Marine  
  29  3:00  Marine  
  31  3:07  Marine  
  32  3:17  Marine  
  32  3:18  Siege Tank, Marine  
  37  3:25  Medivac  
  39  3:30  Supply Depot  
  39  3:34  Marine  
  40  3:41  Marine x2  
  40  3:47  Supply Depot  
  42  3:51  Marine  
  43  4:00  Marine  
  44  4:04  Siege Tank  
  47  4:11  Viking  
  49  4:18  Marine x2  
  51  4:24  Marine  
  52  4:38  Siege Tank, Marine  
  56  4:57  Marine  
  55  5:00  Viking  
  55  5:03  Marine  
  55  5:05  Marine  
  58  5:15  Marine  
  58  5:16  Siege Tank  
  62  5:25  Marine  
  63  5:29  Marine  
  63  5:33  Marine  
  54  5:42  Marine  
  48  5:52  Marine x2  
  48  5:54  Viking  
  52  6:00  Marine  
  51  6:09  Marine  
  51  6:22  SCV  
Tags
 
Add a new tag
Caveats
  • Supply blocks, unpowered buildings, or Contaminate may cause inaccurate times.
  • Supply counts are checked every 10 seconds.